 Dungeon Crawl Stone Soup version 0.28.0 (webtiles) character file.

Game seed: 5212639744855258387

281 RighteousDevil the Shield-Bearer (level 6, -2/43 (49) HPs)
             Began as a Formicid Fighter on Feb 7, 2022.
             Slain by Grinder (7 damage)
             ... on level 3 of the Dungeon.
             The game lasted 00:05:18 (3258 turns).

RighteousDevil the Shield-Bearer (Formicid Fighter) Turns: 3258, Time: 00:05:19

HP:   -2/43 (49)    AC:  7    Str: 23    XL:     6   Next: 53%
MP:   6/6           EV:  9    Int:  7    God:
Gold: 86            SH:  5    Dex: 10    Spells: 5/5 levels left

rFire   . . .      SeeInvis +   a - +0 trident
rCold   . . .      Faith    .   s - +0 buckler
rNeg    . . .      Spirit   .   b - +0 scale mail
rPois   .          Reflect  .   (helmet unavailable)
rElec   .          Harm     .   (no cloak)
rCorr   .          Rampage  .   (no gloves)
Will    .....                   (no boots)
Stlth   ..........              (no amulet)
HPRegen 0.14/turn               (no ring)
MPRegen 0.10/turn               (no ring)

@: flying, heavily drained
A: permanent stasis, dig shafts and tunnels, antennae 3, four strong arms
a: Dig, Shaft Self


You were on level 3 of the Dungeon.
You visited 1 branch of the dungeon, and saw 3 of its levels.

You collected 86 gold pieces.

Inventory:

Hand Weapons
 a - a +0 trident (weapon)
Armour
 b - a +0 scale mail (worn)
 s - a +0 buckler (worn)
Scrolls
 d - 2 scrolls of identify
 g - 4 scrolls of fog
Potions
 c - 2 potions of curing
 e - a potion of flight


   Skills:
 + Level 4.5 Fighting
 * Level 4.5 Polearms
 - Level 4.0 Armour
 - Level 5.0 Shields


You had 5 spell levels left.
You didn't know any spells.
Your spell library contained the following spells:

 Spells                   Type           Power      Damage    Failure   Level
 Conjure Flame            Conj/Fire      0%         6-21      99%         3
 Ignite Poison            Fire/Tmut/Pois 0%         N/A       99%         3
 Sticky Flame             Conj/Fire      0%         2d3       100%        4


Dungeon Overview and Level Annotations

Branches:
Dungeon (3/15)

Altars:

Shops:
D:3 [

Annotations:
D:3 3 runed translucent doors, Grinder; freelancePsychic's ghost, amateur KoDe


Innate Abilities, Weirdness & Mutations

You cannot be hasted, slowed, berserked, paralysed or teleported.
You can dig through walls and to a lower floor.
You have a pair of large antennae on your head. (SInv)
Your four strong arms can wield two-handed weapons with a shield.


Message History

Grinder gestures at you. You resist with some effort.
You don't know any spells.
You extend your mandibles.
You dig through the rock wall.
You feel drained.
You dig through the rock wall.
You feel drained.
You dig through the rock wall.
You feel drained.
You start resting.
Grinder is nearby!
You retract your mandibles.
You barely miss Grinder. Grinder hits you.
You writhe in agony.
You closely miss Grinder.
Grinder zaps a wand.
The puff of flame hits you!
You hit Grinder but do no damage. Grinder hits you.
You writhe in agony.
You hit Grinder.
Grinder is lightly wounded.
Grinder hits you.
You writhe in agony.
* * * LOW HITPOINT WARNING * * *
It was a potion of curing.
You feel better. Grinder hits you but does no damage.
You aren't carrying any items that you can evoke.
Okay, then.
It was a potion of flight.
You feel very buoyant.
You fly up into the air.
Grinder gestures at you.
You struggle to resist.
You barely miss Grinder.
Grinder is lightly wounded.
Grinder zaps a wand.
The puff of flame hits you. Grinder gestures at you.
Pain shoots through your body!
* * * LOW HITPOINT WARNING * * *
You hit Grinder.
Grinder is lightly wounded.
Grinder gestures at you.
You struggle to resist.
You hit Grinder.
Grinder is moderately wounded.
Grinder hits you!
You die...

######## ....<..#############
'#####.............# #########
...#..........####.# #........
...#..........####.# #........
...#..........#5##.# #........
'###....<......#@#.######........
..............####.#..........)..
###.#'######.## #.#.##########..
......# #5# #.#.#...# #....
###...######.# #.#.#.#.# #.#.#
#..........5.# #.....#.# #.#.#
#.##^######## ####.###.# #.#.#
#..<.# #.##.# #.# #.#.# )...##
#.##.# #.####.#..


You could see Grinder.

Vanquished Creatures
  A phantom (D:1)
  Terence (D:1)
  Jessica (D:3)
  An orc wizard (D:3)
  Natasha (D:3)
  Robin (D:2)
  2 adders
  A worm (D:2)
  A dart slug (D:3)
  4 orcs (D:3)
  2 ball pythons (D:1)
  3 endoplasms
  2 giant cockroaches (D:2)
  17 goblins
  7 hobgoblins
  3 quokkas
  4 bats
  2 frilled lizards
  5 kobolds
  7 rats
66 creatures vanquished.

Notes
Turn   | Place    | Note
-------+----------+-------------------------------------------
     0 | D:1      | RighteousDevil the Formicid Fighter began the quest for the
                  | Orb.
     0 | D:1      | Reached XP level 1. HP: 18/18 MP: 1/1
   231 | D:1      | Reached XP level 2. HP: 24/24 MP: 2/2
   760 | D:1      | Reached XP level 3. HP: 29/29 MP: 3/3
  1039 | D:2      | Noticed a phantom
  1065 | D:1      | Killed a phantom
  1066 | D:1      | Reached skill level 4 in Shields
  1066 | D:1      | Reached XP level 4. HP: 17/37 MP: 4/4
  1236 | D:2      | Noticed Terence
  1252 | D:1      | Reached XP level 5. HP: 29/42 MP: 5/5
  1366 | D:1      | Killed Terence
  1671 | D:2      | Noticed Robin
  1673 | D:2      | Killed Robin
  2564 | D:3      | Reached XP level 6. HP: 48/48 MP: 6/6
  2573 | D:3      | Found a runed translucent gate.
  2574 | D:3      | Found a runed translucent gate.
  2576 | D:3      | Noticed freelancePsychic's ghost (amateur KoDe)
  2645 | D:3      | Found a runed translucent gate.
  2745 | D:3      | Noticed Jessica
  2746 | D:3      | Noticed Natasha
  2750 | D:3      | Killed Jessica
  2756 | D:3      | Killed Natasha
  2757 | D:3      | Reached skill level 5 in Shields
  2847 | D:3      | Found a faded altar of an unknown god.
  3037 | D:3      | Found Nonynt's Armour Emporium.
  3242 | D:3      | Noticed Grinder
  3258 | D:3      | Slain by Grinder

Illustrated notes

Levels and vault maps discovered:
D:1:      sevenhm_arrival_forest_fort_small_5, layout_loops_corners,
          minmay_misc_feat_diagonals, chequers_serial_rivers_small_a
D:2:      layout_loops_ring, corexii_shack, minmay_3d_cube, uniq_terence,
          uniq_robin, uniq_crazy_yiuf_cottage
D:3:      layout_basic, gammafunk_ghost_split, basic_ecumenical_altar,
          serial_shops, shop, uniq_natasha, uniq_grinder, uniq_jessica

Skill      XL: |  1  2  3  4  5  6 |
---------------+-------------------+-----
Polearms       | 3 4 |  4.5
Shields        | 4 5 |  5.0
Fighting       | 4 |  4.5
Armour         | 4 |  4.0

Action                   |  1- 3 |  4- 6 || total
-------------------------+-------+-------++-------
Melee: Trident           |    77 |   162 ||   239
 Abil: Dig               |       |     1 ||     1
  Use: Potion            |     4 |     2 ||     6
       Scroll            |     1 |     2 ||     3
Armor: Scale mail        |    20 |    52 ||    72
Dodge: Dodged            |    32 |    69 ||   101
Block: Buckler           |    21 |    25 ||    46
